 Dungeon Crawl Stone Soup version 0.28-a0-1182-g381e24db82 (webtiles) character file.

Game seed: 13846387766778224434

3657 ChaosChampion the Fighter (level 9, -5/123 HPs)
             Began as a Minotaur Berserker on Dec 17, 2021.
             Was a Priest of Trog.
             Slain by a deep troll (10 damage)
             ... on level 8 of the Dungeon.
             The game lasted 00:08:24 (8345 turns).

ChaosChampion the Fighter (Minotaur Berserker)      Turns: 8345, Time: 00:08:24

Health: -5/123     AC: 13    Str: 26    XL:     9   Next: 88%
Magic:  8/8        EV: 10    Int:  4    God:    Trog [***...]
Gold:   316        SH:  3    Dex: 10    Spells: 8/8 levels left

rFire   + + .      SeeInvis .   b - +2 spear (venom)
rCold   . . .      Faith    .   e - +0 buckler
rNeg    . . .      Spirit   .   l - +1 chain mail {rF+}
rPois   +          Reflect  .   (helmet restricted)
rElec   .          Harm     .   x - +0 cloak
rCorr   .          Rampage  .   (no gloves)
Will    .....                   (no boots)
Stlth   ..........              (no amulet)
HPRegen 0.30/turn               t - ring of protection from fire
MPRegen 0.11/turn               n - ring of poison resistance

@: berserking (expiring), studying Throwing, very quick
A: horns 2, retaliatory headbutt
a: Renounce Religion, Berserk, Trog's Hand


You were on level 8 of the Dungeon.
You worshipped Trog.
Trog was most pleased with you.
You visited 1 branch of the dungeon, and saw 8 of its levels.

You collected 316 gold pieces.

Inventory:

Hand Weapons
 a - a +0 hand axe
 b - a +2 spear of venom (weapon)
 y - a +2 flail of freezing
Missiles
 p - 2 throwing nets (quivered)
Armour
 e - a +0 buckler (worn)
 l - a +1 chain mail of fire resistance (worn)
 x - a +0 cloak (worn)
Jewellery
 n - a ring of poison resistance (right hand)
 s - a ring of fire
 t - a ring of protection from fire (left hand)
Wands
 m - a wand of digging (2)
 u - a wand of flame (39)
Scrolls
 f - 2 scrolls of vulnerability
 h - 3 scrolls of teleportation
 j - 7 scrolls of identify
 k - a scroll of silence {unknown}
 r - 2 scrolls of enchant armour {unknown}
 v - a scroll of summoning {unknown}
 z - a scroll of fog {unknown}
 A - a scroll of amnesia {unknown}
Potions
 c - 2 potions of degeneration
 d - 3 potions of haste
 g - 4 potions of curing
 i - 2 potions of attraction {unknown}
 o - 2 potions of resistance
 q - a potion of might {unknown}
 w - a potion of magic {unknown}


   Skills:
 + Level 8.8 Fighting
 - Level 6.3(8.4) Axes
 * Level 8.5(9.4) Polearms
 + Level 8.3 Armour
 + Level 7.5 Dodging


You had 8 spell levels left.
You didn't know any spells.
Your spell library was empty.

Dungeon Overview and Level Annotations

Branches:
Dungeon (8/15)             Temple (0/1) D:5
   Lair: D:8-11

Altars:
Yredelemnul

Shops:
D:3 =*   D:4 =   D:7 [


Innate Abilities, Weirdness & Mutations

You have a pair of horns on your head.
You reflexively headbutt those who attack you in melee.


Message History

The deep troll is almost dead.
You completely miss the deep troll. Your headbutt misses the deep troll.
The deep troll is almost dead.
The deep troll bites you but does no damage.
The deep troll claws you but does no damage.
You block the deep troll's attack.
Your chain mail prevents you from hitting the deep troll.
The deep troll is almost dead.
You hit the deep troll.
You kill the deep troll!
Trog accepts your kill.
Your base Polearms skill increases to level 8!
You completely miss the deep troll. You puncture the deep troll!
The deep troll is poisoned.
The deep troll is moderately wounded.
The deep troll closely misses you.
The deep troll claws you but does no damage.
The deep troll closely misses you.
You hit the deep troll but do no damage.
The deep troll looks as sick as possible!
Your headbutt misses the deep troll.
The deep troll is moderately wounded.
You puncture the deep troll!
The deep troll looks as sick as possible!
The deep troll is moderately wounded.
You barely miss the deep troll. Your headbutt misses the deep troll.
The deep troll is moderately wounded.
The deep troll bites you!!
* * * LOW HITPOINT WARNING * * *
The deep troll claws you!
* * * LOW HITPOINT WARNING * * *
The deep troll claws you but does no damage.
You hit the deep troll.
The deep troll looks as sick as possible!
You headbutt the deep troll!
The deep troll is severely wounded.
The deep troll bites you!
* * * LOW HITPOINT WARNING * * *
The deep troll claws you!
You die...

#.......# #.......#####
#.......#...# .......#...#
.....##...# ######
.T.##....#
#....####T##.....# #######
#..(.##.#@#......###......
#....##...#......#.....#
#.........#......).....#
#......####......#.....+
#......#.........#.....##.
#......#.........##....†..
#......#...###+####.#..##.
#).....#...# #.# #.#.#.##
#......#...# #.# #.#.....


You could see 2 deep trolls.

Vanquished Creatures
  Harold (D:8)
  A deep troll (D:8)
  A wyvern (D:8)
  Eustachio (D:6)
  2 water moccasins
  Duvessa (D:6)
  A black bear (D:5)
  An orc warrior (D:7)
  3 ice beasts
  A centaur (D:6)
  2 ogres
  A kobold brigand (D:7)
  2 water moccasin zombies
  2 wyvern zombies
  A wyvern skeleton (D:7)
  Dowan (D:6)
  3 wights (D:7)
  A gnoll shaman (D:5)
  3 hounds
  2 orc priests (D:5)
  4 jellies
  Terence (D:3)
  2 iguanas
  5 orc wizards
  2 killer bee zombies
  An adder (D:4)
  8 gnolls
  A shadow imp (D:7)
  2 white imps (D:6)
  An ufetubus (D:5)
  A worm (D:3)
  3 dart slugs
  16 orcs
  9 ball pythons
  4 bats
  6 endoplasms
  4 giant cockroaches
  5 goblins
  5 hobgoblins
  3 quokkas
  2 frilled lizards
  10 kobolds
  4 rats (D:1)
130 creatures vanquished.

Vanquished Creatures (others)
  5 plants (D:3)
5 creatures vanquished.

Grand Total: 135 creatures vanquished

Notes
Turn   | Place    | Note
-------+----------+-------------------------------------------
     0 | D:1      | ChaosChampion the Minotaur Berserker began the quest for
                  | the Orb.
     0 | D:1      | Reached XP level 1. HP: 19/19 MP: 0/0
   324 | D:1      | Reached XP level 2. HP: 27/27 MP: 1/1
  1135 | D:1      | Reached XP level 3. HP: 33/33 MP: 2/2
  1331 | D:2      | You fall into a shaft and drop 1 floor!
  1400 | D:3      | Reached ** piety under Trog
  1435 | D:3      | Found Kyojiude's General Store.
  1475 | D:3      | Noticed Terence
  1490 | D:3      | Killed Terence
  1804 | D:3      | Found Ukul's One-of-a-Kind Rings.
  1824 | D:3      | Reached XP level 4. HP: 36/41 MP: 3/3
  2261 | D:4      | Found Iriat's Jewellery Boutique.
  2398 | D:4      | Reached XP level 5. HP: 29/47 MP: 4/4
  2743 | D:4      | Noticed a water moccasin
  2757 | D:4      | Killed a water moccasin
  2758 | D:4      | Reached skill level 5 in Fighting
  2758 | D:4      | Reached skill level 5 in Axes
  2997 | D:4      | Reached XP level 6. HP: 40/56 MP: 5/5
  3492 | D:4      | Found a basalt altar of Yredelemnul.
  3768 | D:5      | Entered Level 5 of the Dungeon
  3774 | D:5      | Found a staircase to the Ecumenical Temple.
  4056 | D:5      | Reached XP level 7. HP: 54/62 MP: 6/6
  4101 | D:5      | Reached skill level 5 in Armour
  5004 | D:5      | Reached skill level 5 in Dodging
  5455 | D:6      | Reached skill level 1 in Polearms
  5509 | D:6      | Found a transporter.
  5517 | D:6      | Reached *** piety under Trog
  5764 | D:6      | Reached XP level 8. HP: 46/71 MP: 7/7
  6065 | D:6      | Noticed Eustachio
  6090 | D:6      | Killed Eustachio
  6319 | D:6      | Found a transporter.
  6319 | D:6      | Noticed Duvessa
  6319 | D:6      | Noticed Dowan
  6333 | D:6      | Killed Duvessa
  6337 | D:6      | Killed Dowan
  7112 | D:7      | Reached skill level 5 in Polearms
  7440 | D:7      | Reached XP level 9. HP: 79/79 MP: 8/8
  7724 | D:7      | Found Acaog's Armour Shop.
  7983 | D:8      | Noticed Harold
  8015 | D:8      | Killed Harold
  8323 | D:8      | Noticed a deep troll
  8323 | D:8      | Noticed a deep troll
  8323 | D:8      | Noticed a deep troll
  8339 | D:8      | Killed a deep troll
  8345 | D:8      | HP: 5/123 [deep troll (11)]
  8345 | D:8      | Slain by a deep troll

Illustrated notes

Levels and vault maps discovered:
D:1:      dpeg_arrival_rooms_b, layout_basic, chequers_serial_rivers_micro_b
D:2:      layout_basic, minmay_joined_circles
D:3:      layout_rooms, serial_shops, nicolae_lakefront_shop,
          nicolae_shop_unique_rings, guppyfry_early_lair_pool, uniq_terence
D:4:      layout_layer_cave, mainiacjoe_overflow_alcove_4, serial_shops,
          shop_fountains, grunt_ministairs_8, minmay_manual_monstrance
D:5:      layout_basic, minmay_temple_entry_antechambers, water_maze_lemuel
D:6:      gammafunk_cloud_chamber, layout_loops_cross, uniq_eustachio,
          uniq_duvessa
D:7:      layout_basic, serial_shops, nicolae_diamond_shop, hex_tiny
D:8:      layout_basic, lair_entry_dummy, minmay_fountain_box,
          hellmonk_guarded_unrand_vitality_bloodlust, uniq_harold, uniq_pikel

Skill      XL: |  1  2  3  4  5  6  7  8  9 |
---------------+----------------------------+-----
Axes           | 4 5 6 |  6.3
Fighting       | 4 5 6 7 8 |  8.8
Armour         | 3 4 5 7 8 |  8.3
Dodging        | 3 4 5 6 7 |  7.5
Polearms       | 2 5 8 |  8.5

Action                   |  1- 3 |  4- 6 |  7- 9 || total
-------------------------+-------+-------+-------++-------
Melee: Hand axe          |    67 |   115 |    48 ||   230
       Headbutt          |     9 |    26 |    55 ||    90
       Spear             |       |       |   234 ||   234
Invok: Berserk           |       |     1 |     5 ||     6
  Use: Scroll            |       |       |     6 ||     6
       Potion            |       |       |     1 ||     1
 Stab: Sleeping          |     2 |       |       ||     2
Armor: Animal skin       |    10 |       |       ||    10
       Chain mail        |     3 |    62 |   109 ||   174
Dodge: Dodged            |    36 |    52 |    93 ||   181
Block: Buckler           |       |       |    12 ||    12

Table legend: (Time is in decaauts)
 A = Elapsed time spent in this place.
 B = Non-inter-level travel time spent in this place.
 C = Inter-level travel time spent in this place.
 D = Time resting spent in this place.
 E = Time spent auto-exploring this place.
 F = Levels seen in this place.
 G = Mean time per level.
                   A        B        C        D        E       F      G
               +--------+--------+--------+--------+--------+-----+--------+
         Total |   8363 |   8202 |    161 |    690 |   6441 |   8 | 1045.4 |
       Dungeon |   8363 |   8202 |    161 |    690 |   6441 |   8 | 1045.4 |
               +--------+--------+--------+--------+--------+-----+--------+

Top non-repeatable levels by time:
     D:5: 1709 daAuts
     D:6: 1584 daAuts
     D:4: 1540 daAuts
     D:1: 1249 daAuts
     D:3: 915 daAuts
     D:7: 901 daAuts
     D:8: 375 daAuts
     D:2: 87 daAuts
